[ AOE2 MATCH · #506158885 ]
UnrankedBritons vs Sicilians
Player's team · LOSS
Rival team · WIN
[ REPLAY ANALYSIS · EXTRACTED FROM THE RECORDED GAME ]
Feudal
10:14
Castle
—
Imperial
—
| APM avg | 29.9 |
| APM peak | 57 |
| eAPM avg | 14.5 |
| Villagers / military | 34 / 0 |
Focus
⚔️ 13.5% · 🌾 86.5%
Feudal
—
Castle
—
Imperial
—
| APM avg | 36.5 |
| APM peak | 56 |
| eAPM avg | 17.0 |
| Villagers / military | 45 / 0 |
Focus
⚔️ 23.8% · 🌾 76.2%
Match map
Initial resources + every placement click. Lines = walls · curves = elevation contours. ◆ gold · ⬟ stone · ● berries · ✦ relic · ◌ wall gap
Your base· ✓ Closed at 12:00 · 4t walls · 2 gate(s)
Liberty's base· ✓ Closed at 12:00 · 0t walls · 2 gate(s)
Smoothed initial terrain · ◌ = detected wall gap · hover for details
Inputs per minute
— yoselibero - - Liberty
Build order — yoselibero
61 actions detected in the replay
| 0:01 | Queue | Villager (Male) |
| 0:02 | Queue | Villager (Male) |
| 0:02 | Queue | Villager (Male) |
| 0:03 | Build | House |
| 0:05 | Build | House |
| 0:15 | Queue | Villager (Male) |
| 0:16 | Queue | Villager (Male) |
| 1:20 | Queue | Villager (Male) |
| 1:20 | Queue | Villager (Male) |
| 1:49 | Queue | Villager (Male) |
| 2:16 | Build | Lumber Camp |
| 2:20 | Queue | Villager (Male) |
| 2:29 | Queue | Villager (Male) |
| 2:29 | Queue | Villager (Male) |
| 2:44 | Queue | Villager (Male) |
| 3:16 | Build | House |
| 3:40 | Queue | Villager (Male) |
| 3:40 | Queue | Villager (Male) |
| 3:40 | Queue | Villager (Male) |
| 3:40 | Queue | Villager (Male) |
| 4:06 | Queue | Villager (Male) |
| 4:12 | Build | House |
| 4:33 | Build | Palisade Wall |
| 5:00 | Queue | Villager (Male) |
| 5:27 | Queue | Villager (Male) |
| 5:28 | Queue | Villager (Male) |
| 5:34 | Build | Mill |
| 5:38 | Queue | Villager (Male) |
| 6:08 | Queue | Villager (Male) |
| 6:46 | Build | Mill |
| 7:32 | Queue | Villager (Male) |
| 8:02 | Queue | Villager (Male) |
| 8:04 | Research | Feudal Age |
| 8:37 | Build | Barracks |
| 8:57 | Build | House |
| 9:02 | Build | House |
| 9:20 | Build | House |
| 9:37 | Build | Mining Camp |
| 9:45 | Build | House |
| 9:52 | Build | Mining Camp |
| 10:14 | Age | Feudal Age |
| 10:16 | Queue | Villager (Male) |
| 10:18 | Research | Loom |
| 10:28 | Build | Watch Tower |
| 10:41 | Build | House |
| 11:27 | Queue | Villager (Male) |
| 11:27 | Queue | Villager (Male) |
| 11:27 | Queue | Villager (Male) |
| 11:40 | Build | Blacksmith |
| 11:53 | Build | Palisade Wall |
| 11:57 | Build | Palisade Wall |
| 12:00 | Build | Palisade Wall |
| 12:06 | Build | Palisade Wall |
| 12:12 | Queue | Villager (Male) |
| 12:13 | Queue | Villager (Male) |
| 12:31 | Build | Watch Tower |
| 12:44 | Queue | Villager (Male) |
| 12:44 | Queue | Villager (Male) |
| 13:04 | Build | Lumber Camp |
| 13:42 | Queue | Villager (Male) |
| 13:43 | Queue | Villager (Male) |
Build order — Liberty
55 actions detected in the replay
| 0:01 | Queue | Villager (Male) ×4 |
| 0:02 | Build | House |
| 0:05 | Build | House |
| 1:25 | Queue | Villager (Male) |
| 1:25 | Queue | Villager (Male) |
| 2:16 | Queue | Villager (Male) |
| 2:17 | Queue | Villager (Male) |
| 2:17 | Queue | Villager (Male) |
| 2:54 | Queue | Villager (Male) |
| 2:54 | Queue | Villager (Male) |
| 2:55 | Queue | Villager (Male) |
| 3:12 | Build | Lumber Camp |
| 3:22 | Build | House |
| 3:24 | Build | House |
| 3:51 | Queue | Villager (Male) |
| 3:51 | Queue | Villager (Male) |
| 3:51 | Queue | Villager (Male) |
| 3:52 | Queue | Villager (Male) |
| 4:31 | Queue | Villager (Male) |
| 4:31 | Queue | Villager (Male) |
| 5:03 | Research | Loom |
| 5:10 | Queue | Villager (Male) |
| 5:28 | Research | Loom |
| 5:29 | Queue | Villager (Male) |
| 5:29 | Queue | Villager (Male) |
| 5:30 | Queue | Villager (Male) |
| 5:30 | Queue | Villager (Male) |
| 5:30 | Queue | Villager (Male) |
| 5:30 | Queue | Villager (Male) |
| 7:04 | Queue | Villager (Male) |
| 7:05 | Queue | Villager (Male) |
| 8:17 | Build | Town Center |
| 8:37 | Build | Mill |
| 8:50 | Queue | Villager (Male) |
| 8:52 | Queue | Villager (Male) |
| 9:29 | Queue | Villager (Male) |
| 9:30 | Queue | Villager (Male) |
| 9:56 | Queue | Villager (Male) |
| 10:14 | Build | House |
| 10:31 | Queue | Villager (Male) |
| 10:32 | Queue | Villager (Male) |
| 12:15 | Build | Town Center |
| 12:42 | Queue | Villager (Male) |
| 12:53 | Queue | Villager (Male) |
| 13:00 | Queue | Villager (Male) |
| 13:34 | Queue | Villager (Male) |
| 13:34 | Queue | Villager (Male) |
| 14:32 | Build | Lumber Camp |
| 14:38 | Queue | Villager (Male) |
| 14:38 | Queue | Villager (Male) |
| 14:38 | Queue | Villager (Male) |
| 14:42 | Build | House |
| 15:09 | Queue | Villager (Male) |
| 15:09 | Queue | Villager (Male) |
| 15:09 | Queue | Villager (Male) |
Match timeline
| 4:33 | yoselibero · wall_segment Palisade Wall x1 |
| 8:37 | yoselibero · first_building Barracks |
| 10:14 | yoselibero · age_up feudal |
| 11:53 | yoselibero · wall_segment Palisade Wall x1 |
| 11:57 | yoselibero · wall_segment Palisade Wall x2 |
| 12:00 | yoselibero · wall_segment Palisade Wall x1 |
| 12:06 | yoselibero · wall_segment Palisade Wall x1 |
| 15:16 | yoselibero · resign |
[ AI ANALYSIS · 1 CREDIT ]
What really happened in this match?
Wolo.gg analyzes every decision: build order, eco, micro, common mistakes by bracket. Personalized analysis on WhatsApp or Discord in 30 seconds.
Civ guide
Britons
Perfil
Jugador #10116389